Map: 天界封锁

Players

archer

  • Race: Terran Terran
  • League: Diamond
  • Spawn Location: 7:00

二年级二班永亮

  • Race: Terran Terran
  • League: Gold
  • Spawn Location: 6:00

VOD

Have the link to the VOD?

Description

Time

  • Played on: March 6, 2018, 9:30 p.m.
  • Length: 12:05
Show
View Real Time Build Order
Export as new Build Order

archer Terran 

Build Orders:  

Get SALT Encoding   

  12  0:03  SCV  
  13  0:20  SCV  
  13  0:27  Refinery  
  14  0:37  SCV  
  15  0:45  Refinery  
  15  0:54  SCV  
  16  1:10  SCV  
  16  1:15  Barracks  
  17  1:27  SCV  
  18  1:44  SCV  
  19  2:01  SCV  
  20  2:22  Railgun Turret x2  
  20  2:26  Factory  
  20  2:27  SCV  
  21  2:44  SCV  
  22  3:01  SCV  
  23  3:18  SCV  
  24  3:27  Armory  
  24  3:29  Starport  
  24  3:31  Ghost Visor  
  24  3:35  SCV  
  25  3:50  Refinery  
  25  3:51  Refinery  
  25  3:52  SCV, Factory Tech Lab  
  26  4:08  SCV  
  27  4:23  Starport Tech Lab  
  27  4:25  SCV  
  28  4:42  SCV  
  29  4:59  SCV  
  30  5:01  Elite Marine  
  30  5:09  Command Center  
  34  5:16  SCV  
  35  5:33  SCV  
  36  6:12  SCV  
  36  6:19  Smart Servos  
  37  6:22  Terran Vehicle and Ship Weapons Level 1  
  37  6:29  SCV  
  38  6:46  SCV  
  39  6:51  Griffin Airstrike  
  39  7:03  SCV  
  39  7:04  Raid Artillery  
  40  7:11  SCV  
  41  7:30  SCV  
  41  7:31  SCV  
  41  7:34  Enhanced Manufacturing  
  41  7:39  Raid Liberator  
  49  7:49  Defensive Drone  
  49  8:19  Covert Triage  
  49  8:27  Instant Regeneration  
  49  8:32  Griffin Airstrike  
  49  8:40  Strike Goliath  
  53  8:52  Defensive Drone  
  53  8:54  Instant Regeneration  
  52  9:07  Instant Regeneration  
  51  9:39  Defensive Drone  
  51  9:41  Raid Liberator  
  51  9:43  Raven Type-II  
  59  10:14  Raven Type-II  
  61  10:23  Elite Marine  
  65  10:55  Defensive Drone  
  65  11:01  Griffin Airstrike  
  65  11:14  Railgun Turret  
Show
View Real Time Build Order
Export as new Build Order

二年级二班永亮 Terran 

Build Orders:  

Get SALT Encoding   

  12  0:21  SCV  
  13  0:38  SCV  
  14  5:56  SCV  
  15  6:22  Supply Depot  
  15  6:25  SCV  
  16  6:42  SCV  
  17  6:59  SCV  
  16  9:44  SCV  
  16  10:01  SCV  
  17  10:18  SCV  
  18  10:35  SCV  
Tags
 
Commander
NovaRaynor
Matchup
Co-op
Replay Pack
Co-op Speedrun
Add a new tag
Caveats
  • Supply blocks, unpowered buildings, or Contaminate may cause inaccurate times.
  • Supply counts are checked every 10 seconds.